 Dungeon Crawl Stone Soup version 0.31.0-10-gcf4a605ca0 (webtiles) character file.

Game seed: 11271681314659890096

9 Gadfly the Ruffian (level 2, 18/21 HPs)
             Began as a Demonspawn Shapeshifter on Jan 26, 2024.
             Quit the game on level 1 of the Dungeon.
             The game lasted 00:00:33 (311 turns).

Gadfly the Ruffian (Demonspawn Shapeshifter)         Turns: 311, Time: 00:00:34

Health: 18/21      AC:  2    Str: 14    XL:     2   Next: 6%
Magic:  2/2        EV: 12    Int: 10    God:
Gold:   15         SH:  0    Dex: 12    Spells: 1/1 levels left

rFire   . .          .
                       - Unarmed
rCold   . . .        (no shield)
rNeg    . . .        a - +0 animal skin
rPois   .            (helmet currently unavailable)
rElec   .            e - melded +2 cloak {rCorr}
rCorr   .            (gloves currently unavailable)
SInv    .            (boots currently unavailable)
Will    .....        (no amulet)
Stlth   +            (no ring)
HPRegen 0.23/turn    (no ring)
MPRegen 0.08/turn

%: no passive effects
@: beast-form
A: beast (slay +1), demonic magic 1
a: Begin Untransformation


You were on level 1 of the Dungeon.
You were a hulking beast.
You visited 1 branch of the dungeon, and saw 1 of its levels.

You collected 15 gold pieces.

Inventory:

Armour
 a - a +0 animal skin (worn)
 e - a +2 cloak of preservation (melded)
Talismans
 c - a beast talisman (active)
 d - a flux talisman
Potions
 b - a potion of lignification


   Skills:
 + Level 1.1 Fighting
 * Level 2.0 Dodging
 + Level 2.8 Unarmed Combat
 * Level 0.7 Evocations
 + Level 2.7 Shapeshifting


You had one spell level left.
You didn't know any spells.
Your spell library was empty.

Dungeon Overview and Level Annotations

Branches:
Dungeon (1/15)

Altars:


Innate Abilities, Weirdness & Mutations

You are a hulking beast.
Your limbs bulge with bestial killing power. (Slay +1)
Spells you cast may paralyse adjacent enemies.


Message History

Your +2 cloak of preservation melds into your body.
An endoplasm comes into view.
An endoplasm is nearby!
An endoplasm is nearby!
An endoplasm is nearby!
The endoplasm quivers.
You hit the endoplasm.
The endoplasm is heavily wounded.
The endoplasm misses you.
You hit the endoplasm.
The endoplasm is almost dead.
The endoplasm hits you.
You hit the endoplasm.
You kill the endoplasm!
Your Dodging skill increases to level 2!
No target in view!
No target in view!
No target in view!
No target in view!
No target in view!
No target in view!
Found a war axe.
You now have 15 gold pieces (gained 9).
A dart slug comes into view.
A dart slug is nearby!
Found a stone staircase leading down.
The dart slug launches a dart at you. The slug dart hits you.
The dart slug bites you but does no damage.
You hit the dart slug.
The dart slug is heavily wounded.
The dart slug bites you but does no damage.
You hit the dart slug.
The dart slug is almost dead.
You hit the dart slug.
You kill the dart slug!
You have reached level 2!
Your demonic ancestry asserts itself...
A menacing aura infuses your magic.
Are you sure you want to abandon this character and quit the game? (Confirm with "yes".)

.......##.. #. #..
..##..##.. #. #..
..##..##.. #.
#.##+##.##..#... #.
#.##.##.##..#... # #.
#.##.##.##..+...
.##.##.##...........#...
........................
#.>..h................
#+#####.#..#####.#..##
#.#..# ####..# #.#..#
#.#.# #.#... #.#..
#.#.### #.#.. #.#.#
#.### ..... #.# # #.# #


There were no monsters in sight!

Vanquished Creatures
  A dart slug (D:1)
  3 endoplasms (D:1)
  A giant cockroach (D:1)
  A goblin (D:1)
6 creatures vanquished.

Notes
Turn   | Place    | Note
-------+----------+-------------------------------------------
     0 | D:1      | Gadfly the Demonspawn Shapeshifter began the quest for the
                  | Orb.
     0 | D:1      | Reached XP level 1. HP: 15/15 MP: 1/1
   311 | D:1      | Gained mutation: Spells you cast may paralyse adjacent
                  | enemies. [demonic ancestry]
   311 | D:1      | Reached XP level 2. HP: 18/21 MP: 2/2
   311 | D:1      | Quit the game

Illustrated notes

Levels and vault maps discovered:
D:1:      heliophobic_arrival_battle_scene, layout_basic,
          ebering_ecumenical_altar_petrified, palyth_stone_intersect,
          minivault_27, dk_noncrumbling_4

Skill      XL: |  1 |
---------------+----+-----
Dodging        | 2 |  2.0
Fighting       | |  1.1
Unarmed Combat | |  2.8
Evocations     | |  0.7
Shapeshifting  | |  2.7

Action                     || total
---------------------------++-------
  Melee: Unarmed           ||    15
Ability: Begin Untransform ||     1
 Armour: Animal skin       ||     6
  Dodge: Dodged            ||     5
   Form: Beast             ||     1
